 Dungeon Crawl Stone Soup version 0.28.0 (webtiles) character file.

Game seed: 1490096983727314520

18 HallandMoats the Skirmisher (level 2, 24/24 HPs)
             Began as a Demonspawn Fighter on Feb 6, 2022.
             Was a Follower of Vehumet.
             Got out of the dungeon alive.
             The game lasted 00:00:45 (829 turns).

HallandMoats the Skirmisher (Demonspawn Fighter)     Turns: 829, Time: 00:00:45

Health: 24/24      AC:  8    Str: 16    XL:     2   Next: 48%
Magic:  2/2        EV:  9    Int:  9    God:    Vehumet [*.....]
Gold:   8          SH:  4    Dex: 12    Spells: 1/1 levels left

rFire   . . .      SeeInvis .   a - +0 war axe
rCold   . . .      Faith    .   c - +0 buckler
rNeg    . . .      Spirit   .   b - +0 scale mail
rPois   .          Reflect  .   (no helmet)
rElec   .          Harm     .   (no cloak)
rCorr   .          Rampage  .   (no gloves)
Will    .....                   (no boots)
Stlth   ..........              (no amulet)
HPRegen 0.08/turn               (no ring)
MPRegen 0.08/turn               (no ring)

@: no status effects
A: icy blue scales 1
a: Renounce Religion


You escaped.
You worshipped Vehumet.
Vehumet was aware of your devotion.
You visited 1 branch of the dungeon, and saw 1 of its levels.

You collected 8 gold pieces.

Inventory:

Hand Weapons
 a - a +0 war axe (weapon)
Armour
 b - a +0 scale mail (worn)
 c - a +0 buckler (worn)
Scrolls
 f - a scroll of acquirement {unknown}
 g - a scroll of enchant armour {unknown}
Potions
 d - a potion of might
 e - a potion of heal wounds {unknown}


   Skills:
 * Level 3.2 Fighting
 * Level 2.1 Axes
 + Level 2.7 Armour
 + Level 0.3 Dodging
 + Level 2.8 Shields
 * Level 1.1 Invocations


You had one spell level left.
You didn't know any spells.
Your spell library was empty.

Dungeon Overview and Level Annotations

Branches:
Dungeon (1/15)

Altars:
Vehumet


Innate Abilities, Weirdness & Mutations

You are partially covered in icy blue scales. (AC +2)


Message History

No target in view!
No target in view!
No target in view!
No target in view!
No target in view!
No target in view!
No target in view!
No target in view!
No target in view!
You swing at nothing.
You hit the spectral hobgoblin.
The spectral hobgoblin is severely damaged.
The spectral hobgoblin hits you but does no damage. x2
You barely miss the spectral hobgoblin.
The spectral hobgoblin is severely damaged.
The spectral hobgoblin hits you but does no damage.
You slash the spectral hobgoblin!
You destroy the spectral hobgoblin!
You swing at nothing.
You swing at nothing.
You enter the shallow water.
Moving in this stuff is going to be slow.
There is a faded altar of an unknown god here.
You cannot tell which god this altar belongs to.
Convert to them anyway?
Vehumet accepts your prayer! Vehumet welcomes you!
You can now gain magical power from killing.
Vehumet offers you knowledge of Foxfire.
(D) Dungeon
Where to? (? - help)
What level of the Dungeon? (default 1, ? - help)
You enter the shallow water.
Moving in this stuff is going to be slow.
You enter the shallow water.
Moving in this stuff is going to be slow.
There is a staircase leading out of the dungeon here.
There is an escape hatch in the floor here.
There is a staircase leading out of the dungeon here.
Are you sure you want to leave the Dungeon?
This will make you lose the game!
You have escaped!

#.........#####
#.######.## #.# #.# ###
#.# ##'## #######
##...## ##.....#
##.....##
##'>....###.......##
#.#.@...##.........##
####'#......'.........'.
#....#.....##.........##
#....#.....###.......###
######....## ##.....## #
#........# ##...## #
#.###.#.## ###+######
#.# #.#.######.......##
#.# #........#.#.###.##


There were no monsters in sight!

Vanquished Creatures
  A dart slug (D:1)
  An endoplasm (D:1)
  4 hobgoblins (D:1)
  A kobold (D:1)
  2 quokkas (D:1)
  A ball python (D:1)
  2 bats (D:1)
  A frilled lizard (D:1)
  A rat (D:1)
  A spectral hobgoblin (D:1)
15 creatures vanquished.

Notes
Turn   | Place    | Note
-------+----------+-------------------------------------------
     0 | D:1      | HallandMoats the Demonspawn Fighter began the quest for the
                  | Orb.
     0 | D:1      | Reached XP level 1. HP: 18/18 MP: 1/1
   390 | D:1      | Gained mutation: You are partially covered in icy blue
                  | scales. (AC +2) [demonic ancestry]
   390 | D:1      | Reached XP level 2. HP: 24/24 MP: 2/2
   524 | D:1      | Reached skill level 1 in Invocations
   770 | D:1      | Found a faded altar of an unknown god.
   785 | D:1      | Prayed at the altar of an unknown god.
   785 | D:1      | Became a worshipper of Vehumet
   785 | D:1      | Reached * piety under Vehumet
   785 | D:1      | Offered knowledge of Foxfire by Vehumet.
   829 | D:$      | Got out of the dungeon alive.

Illustrated notes

Levels and vault maps discovered:
D:1:      dpeg_arrival_connections, layout_loops_corners,
          dreamdust_ecumenical_altar_drowned_temple

Skill      XL: |  1  2 |
---------------+-------+-----
Axes           | 2 |  2.1
Invocations    | 1 |  1.1
Fighting       | |  3.2
Armour         | |  2.7
Dodging        | |  0.3
Shields        | |  2.8

Action                   || total
-------------------------++-------
Melee: War axe           ||    37
Armor: Scale mail        ||    28
Dodge: Dodged            ||     9
Block: Buckler           ||     3
